 Dungeon Crawl Stone Soup version 0.29.1-15-g9cfb28693d (webtiles) character file.

Game seed: 15972619704915216674

18 leafyfresh the Sneak (level 2, 0/21 HPs)
             Began as an Octopode Delver on Mar 10, 2023.
             Slain by a jackal (3 damage)
             ... on level 4 of the Dungeon.
             The game lasted 00:00:24 (67 turns).

leafyfresh the Sneak (Octopode Delver)                Turns: 67, Time: 00:00:25

Health: 0/21       AC:  1    Str: 11    XL:     2   Next: 70%
Magic:  2/2        EV: 13    Int: 12    God:
Gold:   0          SH:  0    Dex: 13    Spells: 1/1 levels left

rFire   . . .      SeeInvis .   a - +0 short sword
rCold   . . .      Faith    .   (no shield)
rNeg    . . .      Spirit   .   (helmet restricted)
rPois   .          Reflect  .   (no amulet)
rElec   .          Harm     .   (no ring)
rCorr   .          Rampage  .   (no ring)
Will    .....                   (no ring)
Stlth   ++++......              (no ring)
HPRegen 0.07/turn               (no ring)
MPRegen 0.08/turn               (no ring)
                                (no ring)
                                (no ring)

@: no status effects
A: almost no armour, amphibious, 8 rings, camouflage 1, gelatinous body 1,
(nimble swimmer 1), tentacles
a: no special abilities


You were on level 4 of the Dungeon.
You visited 1 branch of the dungeon, and saw 2 of its levels.

Inventory:

Hand Weapons
 a - a +0 short sword (weapon)
 c - a +1 whip of flaming
Wands
 f - a wand of digging (3)
Scrolls
 b - a scroll of fog
 d - a scroll of fear
Potions
 e - a potion of haste


   Skills:
 + Level 3.3 Fighting
 - Level 2.0 Short Blades
 + Level 2.4 Dodging
 + Level 6.9 Stealth


You had one spell level left.
You didn't know any spells.
Your spell library was empty.

Dungeon Overview and Level Annotations

Branches:
Dungeon (5/15)
 Temple: D:4-7

Altars:

Annotations:
D:5 Edmund


Innate Abilities, Weirdness & Mutations

You cannot wear most types of armour.
You are amphibious.
You can wear up to eight rings at the same time.
Your skin changes colour to match your surroundings (Stealth+).
Your rubbery body absorbs attacks. (AC +1, EV +1)
((You are camouflaged when in or above water. (Stealth+)))
You have tentacles for arms and can constrict up to eight enemies at once.


Message History

You release your grip on the gnoll.
You hit the jackal. Your grab misses the jackal.
Your squeeze misses the jackal.
The jackal is lightly wounded.
The jackal bites you. The jackal closely misses you.
You completely miss the jackal. Your grab misses the jackal.
The jackal is lightly wounded.
The jackal bites you.
You barely miss the jackal. Your grab misses the jackal.
The jackal is lightly wounded.
The jackal misses you. The jackal bites you.
You hit the jackal but do no damage. You grab the jackal.
You constrict the jackal. The jackal bites you.
* * * LOW HITPOINT WARNING * * *
You hit the jackal.
The jackal is almost dead.
You constrict the jackal.
You kill the jackal!
Unknown command.
The jackal misses you. The jackal barely misses you.
You see here a fuming dark potion.
The jackal attacks as you move away! The jackal barely misses you.
The jackal closely misses you. The jackal attacks as you move away!
The jackal bites you.
* * * LOW HITPOINT WARNING * * *
A gnoll comes into view. It is wielding a +0 whip.
The gnoll shouts!
You hear a bark!
The gnoll throws a throwing net.
The throwing net completely misses you. The jackal attacks as you move away!
The jackal barely misses you.
A jackal comes into view. x2
The jackal barely misses you.
The jackal moves out of view.
The jackal attacks as you move away! The jackal closely misses you.
The jackal bites you.
* * * LOW HITPOINT WARNING * * *
You see here a +1 whip of flaming.
c - a +1 whip of flaming The jackal closely misses you.
The jackal attacks as you move away! The jackal bites you.
You die...

#.###.######
...........#
.###.#.##.# ##....##.#
#.....##.#####
##...>...(.!.#
##.####.###.#
#...##g###†#####
.....h.gh@.........
~≈~....~~~≈~~~≈≈~~≈
≈≈≈~....~≈≈≈≈≈≈≈≈≈≈≈
~~≈≈~....≈≈~~~≈≈~~≈~~
......................
###++++############


You could see 2 gnolls and 2 jackals.

Vanquished Creatures
  An adder (D:5)
  An ufetubus (D:4)
  A dart slug (D:4)
  A jackal (D:4)
4 creatures vanquished.

Notes
Turn   | Place    | Note
-------+----------+-------------------------------------------
     0 | D:5      | leafyfresh the Octopode Delver began the quest for the Orb.
     0 | D:5      | Reached XP level 1. HP: 16/16 MP: 1/1
    15 | D:5      | Noticed Edmund
    20 | D:5      | Reached XP level 2. HP: 21/21 MP: 2/2
    67 | D:4      | Slain by a jackal

Illustrated notes

Levels and vault maps discovered:
D:4:      lemuel_castle_with_subvaults [lemuel_castle_interior_original],
          layout_loops_corners, xom_redecorated, lemuel_doored_altar,
          hangedman_decor_clover_reticule, grunt_ministairs_15, hex_tiny
D:5:      layout_cave_pods, mainiacjoe_overflow_boulevard, minivault_27,
          uniq_edmund

Action                   || total
-------------------------++-------
Melee: Short sword       ||     9
       Constrict         ||     2
       Tentacles         ||     1
  Use: Scroll            ||     1
 Stab: Sleeping          ||     3
Dodge: Dodged            ||    13
